 Dungeon Crawl Stone Soup version 0.23-a0-241-g3b46b07 (webtiles) character file.

184 pmoppi the Slasher (level 5, -2/42 HPs)
             Began as a Demonspawn Monk on Sept 26, 2018.
             Slain by an orc
             ... wielding a +4 war axe
              (5 damage)
             ... on level 3 of the Dungeon.
             The game lasted 00:04:53 (2637 turns).

pmoppi the Slasher (Demonspawn Monk)                Turns: 2637, Time: 00:04:53

Health: -2/42      AC:  8    Str: 12    XL:     5   Next: 36%
Magic:  5/5        EV:  6    Int: 12    God:
Gold:   79         SH:  0    Dex: 15    Spells: 4/4 levels left

rFire    . . .     SeeInvis .   a - +0 falchion
rCold    . . .     Gourm    .   (no shield)
rNeg     . . .     Faith    .   s - +0 chain mail (curse)
rPois    .         Spirit   .   (no helmet)
rElec    .         Reflect  .   (no cloak)
rCorr    .         Harm     .   (no gloves)
MR       .....                  (no boots)
Stlth    ..........             (no amulet)
HPRegen  0.14/turn              (no ring)
MPRegen  0.09/turn              (no ring)

@: hasted, very quick
A: claws 1, demonic guardian 1, powered by death 1
a: no special abilities


You were on level 3 of the Dungeon.
You were hungry.

You visited 1 branch of the dungeon, and saw 3 of its levels.

You collected 79 gold pieces.

Inventory:

Hand Weapons
 a - a +0 falchion (weapon)
Armour
 s - a cursed +0 chain mail (worn)
Jewellery
 j - an uncursed ring of stealth {unknown}
 m - an uncursed ring of resist corrosion {unknown}
Scrolls
 b - a scroll of enchant armour {unknown}
 d - a scroll of noise {unknown}
 l - 2 scrolls of magic mapping {unknown}
 n - a scroll of teleportation {unknown}
 p - a scroll of identify {unknown}
 q - a scroll of remove curse {unknown}
Potions
 e - a potion of lignification {unknown}
 f - 2 potions of brilliance {unknown}
 h - a potion of haste
 i - 3 potions of heal wounds {unknown}
 o - 2 potions of curing {unknown}
 r - a potion of flight {unknown}
Comestibles
 c - 6 rations
 k - 2 chunks of flesh


   Skills:
 + Level 4.0 Fighting
 - Level 4.1 Long Blades
 + Level 2.0 Armour
 - Level 3.0 Dodging
 - Level 1.7 Stealth
 + Level 0.5 Unarmed Combat


You had 4 spell levels left.
You didn't know any spells.
Your spell library was empty.

Dungeon Overview and Level Annotations

Branches:
Dungeon (3/15)

Altars:


Innate Abilities, Weirdness & Mutations

You have sharp fingernails.
A weak demonic guardian rushes to your aid.
You regenerate a little health from kills.


Message History

The orc hits you with an enchanted war axe!
* * * LOW HITPOINT WARNING * * *
Something hits you but does no damage.
You miss something.
The orc hits you with an enchanted war axe.
* * * LOW HITPOINT WARNING * * *
Something hits you but does no damage.
Unknown command.
You're too confused to move!
You feel less confused. The orc barely misses you.
You riposte.
You hit the orc.
The orc is lightly wounded.
You hear some strange, mumbled words.
A puff of flame appears from out of thin air!
The puff of flame hits you!
* * * LOW HITPOINT WARNING * * *
It was a potion of haste.
You feel yourself speed up. Something hits you but does no damage.
The orc hits you with an enchanted war axe.
You die...

#...# #...# #...#
#...# #...# #...#
#..### #..{@#
#.##o# #.##o#
#.##o#####
##.##.)...#
#..###.o..#####..#
#########.##
#............
#.......<..#
#..........>.
#..........#
#....##..##.#


You could see 3 orcs.

Vanquished Creatures
  Terence (D:2)
  Natasha (twice) (D:2)
  An adder (D:2)
  3 leopard geckos (D:1)
  6 orcs
  3 giant cockroaches
  3 hobgoblins
  3 jackals (D:3)
  2 quokkas
  4 bats
  3 goblins
  3 kobolds
  2 rats
36 creatures vanquished.

Vanquished Creatures (collateral kills)
  An orc priest (D:3)
  An orc wizard (D:3)
  Natasha (D:2)
  A worker ant (D:3)
  An adder (D:3)
  3 orcs (D:3)
8 creatures vanquished.

Grand Total: 44 creatures vanquished

Notes
Turn   | Place    | Note
-------+----------+-------------------------------------------
     0 | D:1      | pmoppi the Demonspawn Monk began the quest for the Orb.
     0 | D:1      | Reached XP level 1. HP: 18/18 MP: 1/1
   349 | D:1      | Gained mutation: You regenerate a little health from kills.
                  | [demonic ancestry]
   349 | D:1      | Reached XP level 2. HP: 24/24 MP: 2/2
   840 | D:2      | Noticed Natasha
   845 | D:2      | Noticed a crimson imp
  1015 | D:2      | Killed Natasha
  1015 | D:2      | Reached skill level 1 in Armour
  1015 | D:2      | Gained mutation: You have sharp fingernails. [demonic
                  | ancestry]
  1015 | D:2      | Reached XP level 3. HP: 23/29 MP: 3/3
  1062 | D:2      | Noticed Terence
  1079 | D:2      | Killed Terence
  1079 | D:2      | Gained mutation: A weak demonic guardian rushes to your
                  | aid. [demonic ancestry]
  1079 | D:2      | Reached XP level 4. HP: 11/35 MP: 4/4
  2101 | D:2      | Noticed Natasha
  2114 | D:2      | Killed Natasha
  2309 | D:2      | Noticed Natasha
  2314 | D:2      | Killed Natasha
  2553 | D:3      | Reached XP level 5. HP: 42/42 MP: 5/5
  2637 | D:3      | Slain by an orc

Vault maps used:
D:1:      minmay_arrival_semitransparent
D:2:      first_ration, uniq_natasha, uniq_terence
D:3:      chequers_ecumenical_altar_simple

Skill      XL: |  1  2  3  4  5 |
---------------+----------------+-----
Long Blades    | 3 4 |  4.1
Armour         | 1 2 |  2.0
Dodging        | 3 |  3.0
Fighting       | 4 |  4.0
Stealth        | |  1.7
Unarmed Combat | |  0.5

Action                   |  1- 3 |  4- 6 || total
-------------------------+-------+-------++-------
Melee: Falchion          |    52 |   117 ||   169
  Use: Potion            |       |     1 ||     1
 Stab: Sleeping          |     2 |     1 ||     3
  Eat: Chunk             |       |     5 ||     5
Armor: Robe              |     6 |       ||     6
       Leather armour    |     3 |    27 ||    30
       Chain mail        |       |    12 ||    12
Dodge: Dodged            |    42 |    95 ||   137
       Rpst.: Falchion   |    15 |    34 ||    49

Table legend:
 A = Non-vault XP
 B = Vault XP
 C = Vault XP percentage of total XP
 D = Non-vault monster count
 E = Vault monster count
 F = Vault count percentage of total count
                 A         B        C        D         E       F
            +---------+---------+-------+---------+---------+-------
      Total |     193 |      71 |  26.9 |      42 |       2 |   4.5
            +---------+---------+-------+---------+---------+-------
        D:1 |      17 |       0 |   0.0 |       9 |       0 |   0.0
        D:2 |      93 |      71 |  43.3 |      19 |       2 |   9.5
        D:3 |      83 |       0 |   0.0 |      14 |       0 |   0.0
            +---------+---------+-------+---------+---------+-------
